 Dungeon Crawl Stone Soup version 0.28.0-49-g6dfe1f597d (webtiles) character file.

Game seed: 7083056158835367678

14 Zeld the Insei (level 2, 21/21 HPs)
             Began as a Demonspawn Transmuter on May 12, 2022.
             Quit the game on level 1 of the Dungeon.
             The game lasted 00:00:49 (484 turns).

Zeld the Insei (Demonspawn Transmuter)               Turns: 484, Time: 00:00:49

Health: 21/21      AC:  2    Str: 10    XL:     2   Next: 31%
Magic:  5/5        EV: 12    Int: 14    God:
Gold:   14         SH:  0    Dex: 13    Spells: 4/5 levels left

rFire   . . .      SeeInvis .     - Unarmed
rCold   . . .      Faith    .   (no shield)
rNeg    . . .      Spirit   .   a - +0 robe
rPois   .          Reflect  .   (no helmet)
rElec   .          Harm     .   (no cloak)
rCorr   .          Rampage  .   (no gloves)
Will    .....                   (no boots)
Stlth   +.........              (no amulet)
HPRegen 0.07/turn               (no ring)
MPRegen 0.09/turn               (no ring)

@: no status effects
A: powered by pain 1
a: no special abilities


You were on level 1 of the Dungeon.
You visited 1 branch of the dungeon, and saw 1 of its levels.

You collected 14 gold pieces.

Inventory:

Armour
 a - a +0 robe (worn)
Potions
 b - a potion of flight {unknown}


   Skills:
 + Level 1.2 Fighting
 + Level 1.9 Dodging
 + Level 0.3 Stealth
 - Level 2.6 Unarmed Combat
 * Level 2.2 Spellcasting
 * Level 2.1 Transmutations


You had 4 spell levels left.
You knew the following spells:

 Your Spells              Type           Power      Damage    Failure   Level
a - Beastly Appendage     Tmut           14%        N/A       10%         1

Your spell library contained the following spells:

 Spells                   Type           Power      Damage    Failure   Level
 Wereblood                Tmut           7%         N/A       14%         2
 Spider Form              Tmut/Pois      4%         N/A       41%         3
 Gell's Gravitas          Tloc           1%         N/A       56%         3
 Lesser Beckoning         Tloc           1%         N/A       56%         3
 Teleport Other           Tloc           1%         N/A       56%         3
 Ice Form                 Ice/Tmut       4%         N/A       83%         4


Dungeon Overview and Level Annotations

Branches:
Dungeon (1/15)

Altars:


Innate Abilities, Weirdness & Mutations

You sometimes gain a little power by taking damage.


Message History

Your transformation is almost over.
The bat hits you but does no damage. The quokka barely misses you.
You hit the quokka but do no damage. Your kick misses the quokka.
You headbutt the quokka.
You kill the quokka!
The bat barely misses you.
You closely miss the bat. Your kick misses the bat.
Your headbutt misses the bat. The bat barely misses you.
A bat is nearby!
You closely miss the bat. You claw the bat.
You kill the bat!
No target in view!
No target in view!
Your horns disappear.
Your talons disappear.
You see here a quokka corpse.
Found an escape hatch in the floor.
Found a stone staircase leading down.
Found 17 arrows.
A frilled lizard comes into view.
A frilled lizard is nearby!
Casting: Beastly Appendage (safe; 10% risk of failure)
Confirm with . or Enter, or press ? or * to list all spells.
You grow a pair of large bovine horns.
Your feet morph into talons.
You hit the frilled lizard.
The frilled lizard is heavily wounded.
The frilled lizard closely misses you.
You barely miss the frilled lizard. Your kick misses the frilled lizard.
The frilled lizard is heavily wounded.
The frilled lizard bites you but does no damage.
You hit the frilled lizard.
You kill the frilled lizard!
Your transformation is almost over.
No target in view!
Found a stone staircase leading down.
Found 12 stones.
Your horns disappear.
Your talons disappear.
You pick up a book of Displacement and begin reading...
You add the spells Lesser Beckoning, Gell's Gravitas and Teleport Other to your library.
b - a fuming white potion Are you sure you want to abandon this character and quit the game? (Confirm with "yes".)

.....##### )...##
))### ...#
############# ...#
##.....#.....##
...###.............##
..###...............#
.## #...............#
#####...........@...#
....................#
#####...............#
##.............##
##.....#.....##
#...##########
###.### #...# #.###


There were no monsters in sight!

Vanquished Creatures
  A ball python (D:1)
  4 goblins (D:1)
  2 kobolds (D:1)
  A quokka (D:1)
  2 bats (D:1)
  A frilled lizard (D:1)
  A rat (D:1)
12 creatures vanquished.

Notes
Turn   | Place    | Note
-------+----------+-------------------------------------------
     0 | D:1      | Zeld the Demonspawn Transmuter began the quest for the Orb.
     0 | D:1      | Reached XP level 1. HP: 15/15 MP: 3/3
   242 | D:1      | Gained mutation: You sometimes gain a little power by
                  | taking damage. [demonic ancestry]
   242 | D:1      | Reached XP level 2. HP: 15/21 MP: 3/5
   484 | D:1      | Quit the game

Illustrated notes

Levels and vault maps discovered:
D:1:      shiori_arrival_oz, layout_rooms

Skill      XL: |  1 |
---------------+----+-----
Transmutations | 2 |  2.1
Fighting       | |  1.2
Dodging        | |  1.9
Stealth        | |  0.3
Unarmed Combat | |  2.6
Spellcasting   | |  2.2

Action                   || total
-------------------------++-------
Melee: Unarmed           ||    29
       Kick              ||     5
       Headbutt          ||     5
 Cast: Beastly Appendage ||     6
Armor: Robe              ||     9
Dodge: Dodged            ||    17
